[Event "24th European Women Club Cup 2019"]
[Site "Ulcinj"]
[Date "2019.11.12"]
[Round "3.7"]
[White "Balajayeva, Khanim"]
[Black "Hoang, Thanh Trang"]
[Result "1/2-1/2"]
[ECO "C07"]
[WhiteElo "2368"]
[BlackElo "2414"]
[Annotator "NA"]
[PlyCount "66"]
[EventDate "2019.11.10"]
[EventType "team-tourn"]
[EventCountry "MNE"]
[SourceTitle "playchess.com"]
[Source "ChessBase"]
[SourceQuality "1"]
[WhiteTeam "Odlar Yurdu"]
[BlackTeam "Novy Bor"]
[TimeControl "40/5400+30:1800+30"]

1. e4 e6 2. d4 d5 3. Nd2 c5 4. exd5 Qxd5 5. dxc5 Nf6 6. Ngf3 Qxc5 7. Bd3 Nbd7 8. O-O Be7 9. Qe2 O-O 10. Ne4 Nxe4 11. Qxe4 Nf6 12. Qh4 Bd7 13. Be3 Qh5 14. Qxh5 Nxh5 15. Ne5 Rfd8 16. Be4 Nf6 17. Bxb7 Rab8 18. Bc6 Rxb2 19. Bxd7 Nxd7 20. Nc6 Re8 21. c4 Bc5 22. Bxc5 Nxc5 23. Rfb1 Rxb1+ 24. Rxb1 a6 25. Kf1 Kf8 26. Rb6 Rc8 27. Ke2 f6 28. Na5 Ke7 29. f4 Kd7 30. Ke3 Kc7 31. Rc6+ Kd7 32. Rb6 Kc7 33. Rc6+ Kd7 1/2-1/2

[Event "24th European Women Club Cup 2019"]
[Site "Ulcinj"]
[Date "2019.11.12"]
[Round "3.8"]
[White "Rodshtein, Tereza"]
[Black "Mamedjarova, Zeinab"]
[Result "1/2-1/2"]
[ECO "B01"]
[WhiteElo "2195"]
[BlackElo "2280"]
[Annotator "NA"]
[PlyCount "141"]
[EventDate "2019.11.10"]
[EventType "team-tourn"]
[EventCountry "MNE"]
[SourceTitle "playchess.com"]
[Source "ChessBase"]
[SourceQuality "1"]
[WhiteTeam "Novy Bor"]
[BlackTeam "Odlar Yurdu"]
[TimeControl "40/5400+30:1800+30"]

1. e4 d5 2. exd5 Qxd5 3. Nc3 Qd8 4. d4 Nf6 5. Nf3 e6 6. Bc4 Be7 7. O-O O-O 8. Bf4 a6 9. a4 Nc6 10. Re1 Nd5 11. Bg3 Nxc3 12. bxc3 Bf6 13. Qd2 Bd7 14. Bd3 Rc8 15. a5 Ne7 16. Be4 Bc6 17. Qd3 Bxe4 18. Qxe4 Qd5 19. Qxd5 Nxd5 20. c4 Nb4 21. Re2 c5 22. c3 cxd4 23. cxb4 d3 24. Ree1 Bxa1 25. Rxa1 Rxc4 26. Ne5 Rc3 27. Bf4 f6 28. Nf3 e5 29. Be3 Rd8 30. Kf1 Kf7 31. Ke1 Ke6 32. Kd1 g5 33. Rc1 Rxc1+ 34. Bxc1 e4 35. Nd2 f5 36. g4 Rf8 37. gxf5+ Kxf5 38. Nf1 Kg4 39. Be3 Rf6 40. Ng3 Re6 41. Kd2 Kf3 42. Nf5 Rf6 43. Nd4+ Kg2 44. Nb3 g4 45. Nc5 Kxh2 46. Nxe4 Rf7 47. Kxd3 h5 48. Kd4 h4 49. Nd6 Rf8 50. Nxb7 Kg2 51. Nc5 h3 52. Ne6 Rf6 53. Nf4+ Kf3 54. Nh5 Rf5 55. Ng3 Rb5 56. Kc4 h2 57. Bc5 Kg2 58. Kd5 Rb8 59. Kc6 Rh8 60. b5 Rh6+ 61. Kb7 axb5 62. a6 Rh7+ 63. Kb6 b4 64. a7 Rh8 65. Bd6 Ra8 66. Bxb4 Kxf2 67. Bd6 Kg2 68. Kb7 Rxa7+ 69. Kxa7 h1=Q 70. Nxh1 Kxh1 71. Kb6 1/2-1/2

[Event "24th European Women Club Cup 2019"]
[Site "Ulcinj"]
[Date "2019.11.12"]
[Round "3.9"]
[White "Injac, Teodora"]
[Black "Khademalsharieh, Sarasadat"]
[Result "1/2-1/2"]
[ECO "E12"]
[WhiteElo "2257"]
[BlackElo "2491"]
[Annotator "ChessBase"]
[PlyCount "79"]
[EventDate "2019.11.10"]
[EventType "team-tourn"]
[EventCountry "MNE"]
[SourceTitle "playchess.com"]
[Source "ChessBase"]
[SourceQuality "1"]
[WhiteTeam "Jelica PEP"]
[BlackTeam "Pentole Agnelli"]
[TimeControl "40/5400+30:1800+30"]

1. d4 Nf6 2. Nf3 b6 3. c4 e6 4. a3 Bb7 5. Nc3 Ne4 6. Nxe4 Bxe4 7. Nd2 Bb7 8. e4 d6 9. Be2 Nd7 10. O-O g6 11. d5 Bg7 12. Rb1 a5 13. b4 axb4 14. axb4 O-O 15. Nf3 Nf6 16. Bd3 b5 17. Re1 bxc4 18. Bxc4 exd5 19. exd5 Qd7 20. Bb2 Rfe8 21. Qd3 Rxe1+ 22. Rxe1 Qf5 23. Qxf5 gxf5 24. Nh4 Nxd5 25. Bxg7 Kxg7 26. Nxf5+ Kf6 27. Bxd5 Bxd5 28. Ne3 Be6 29. f4 c5 30. bxc5 dxc5 31. Rc1 Ra5 32. g4 h6 33. Rc3 Rb5 34. Kf2 Rb2+ 35. Kf3 Rxh2 36. Rxc5 Rb2 37. Rh5 Kg7 38. Rc5 Kf6 39. Rh5 Kg7 40. Rc5 1/2-1/2

[Event "24th European Women Club Cup 2019"]
[Site "Ulcinj"]
[Date "2019.11.12"]
[Round "3.10"]
[White "Paehtz, Elisabeth"]
[Black "Velikic, Adela"]
[Result "1-0"]
[ECO "D02"]
[WhiteElo "2484"]
[BlackElo "2275"]
[Annotator "ChessBase"]
[PlyCount "103"]
[EventDate "2019.11.10"]
[EventType "team-tourn"]
[EventCountry "MNE"]
[SourceTitle "playchess.com"]
[Source "ChessBase"]
[SourceQuality "1"]
[WhiteTeam "Pentole Agnelli"]
[BlackTeam "Jelica PEP"]
[TimeControl "40/5400+30:1800+30"]

1. d4 d5 2. Nf3 Nf6 3. c4 c6 4. Qc2 dxc4 5. Qxc4 Bf5 6. g3 e6 7. Bg2 Be7 8. O-O O-O 9. Qb3 Qb6 10. Nbd2 h6 11. Nc4 Qa6 12. Bf4 Rd8 13. Bc7 Rd7 14. Be5 Ne4 15. Rfd1 c5 16. Nfd2 Nxd2 17. Rxd2 Nc6 18. e4 Bg6 19. d5 b5 20. dxc6 bxc4 21. Qd1 Rxd2 22. Qxd2 Qxc6 23. Qe2 Qa4 24. Bc3 Rd8 25. h4 Bf8 26. Bf1 Qc6 27. Re1 Rd3 28. h5 Bh7 29. Qg4 Rd4 30. Bxd4 cxd4 31. Rc1 c3 32. Bd3 Be7 33. bxc3 dxc3 34. Qf4 Bd6 35. e5 Ba3 36. Qd4 Bxd3 37. Rxc3 Qb5 38. Qxd3 Qxd3 39. Rxd3 Bc5 40. Rd8+ Kh7 41. Rd7 Kg8 42. Kf1 Kf8 43. Ke2 Ke8 44. Rb7 Bd4 45. f4 Bb6 46. Kf3 Bc5 47. g4 Bd4 48. Ke4 Bf2 49. g5 hxg5 50. fxg5 Kf8 51. Rb8+ Ke7 52. h6 1-0

[Event "24th European Women Club Cup 2019"]
[Site "Ulcinj"]
[Date "2019.11.12"]
[Round "3.11"]
[White "Eric, Jovana"]
[Black "Zimina, Olga"]
[Result "1-0"]
[ECO "B10"]
[WhiteElo "2314"]
[BlackElo "2406"]
[Annotator "NA"]
[PlyCount "65"]
[EventDate "2019.11.10"]
[EventType "team-tourn"]
[EventCountry "MNE"]
[SourceTitle "playchess.com"]
[Source "ChessBase"]
[SourceQuality "1"]
[WhiteTeam "Jelica PEP"]
[BlackTeam "Pentole Agnelli"]
[TimeControl "40/5400+30:1800+30"]

1. e4 c6 2. Nf3 d5 3. exd5 cxd5 4. Ne5 Nc6 5. d4 e6 6. Bb5 Qc7 7. Bf4 Nf6 8. Bxc6+ bxc6 9. Ng6 Qb6 10. Nxh8 Qxb2 11. Nd2 Ba6 12. Rb1 Qxd4 13. Be3 Qc3 14. Rb3 Qa5 15. Bd4 Ne4 16. f3 c5 17. fxe4 cxd4 18. Qf3 Qc7 19. exd5 exd5 20. c4 Bc5 21. O-O O-O-O 22. Nxf7 Rd7 23. Ng5 Qe5 24. Qf5 Qe2 25. Nde4 Be7 26. Rfb1 Qxc4 27. Rb8+ Kc7 28. Ne6+ Kc6 29. Nd2 Qc3 30. Nf3 Qe3+ 31. Kh1 Bf6 32. Nexd4+ Kd6 33. Qxf6+ 1-0

[Event "24th European Women Club Cup 2019"]
[Site "Ulcinj"]
[Date "2019.11.12"]
[Round "3.12"]
[White "Brunello, Marina"]
[Black "Blagojevic, Tijana"]
[Result "1-0"]
[ECO "C65"]
[WhiteElo "2378"]
[BlackElo "2169"]
[Annotator "NA"]
[PlyCount "145"]
[EventDate "2019.11.10"]
[EventType "team-tourn"]
[EventCountry "MNE"]
[SourceTitle "playchess.com"]
[Source "ChessBase"]
[SourceQuality "1"]
[WhiteTeam "Pentole Agnelli"]
[BlackTeam "Jelica PEP"]
[TimeControl "40/5400+30:1800+30"]

1. e4 e5 2. Nf3 Nc6 3. Bb5 Nf6 4. d3 Bc5 5. Bxc6 dxc6 6. Nbd2 Be6 7. Nb3 Bd6 8. Bg5 h6 9. Bh4 c5 10. Nbd2 Qe7 11. Qe2 g5 12. Bg3 Nd7 13. Nf1 f6 14. Ne3 Nb8 15. Nd2 Nc6 16. c3 O-O-O 17. Ndc4 Qd7 18. O-O Be7 19. Rfd1 h5 20. h4 Rdg8 21. a3 gxh4 22. Bxh4 Rg6 23. b4 Rhg8 24. g3 Nd8 25. Qxh5 Bf7 26. Qf5 Be6 27. Qf3 Rh6 28. Kf1 Bh3+ 29. Ke1 Ne6 30. Nd5 Ng5 31. Bxg5 Rxg5 32. Nde3 Be6 33. Ke2 Rh8 34. Rab1 Qa4 35. b5 Bd7 36. Rh1 Rxh1 37. Qxh1 Bxb5 38. Qh7 Bd8 39. Qf7 b6 40. Rh1 Be8 41. Qf8 Rh5 42. Rxh5 Bxh5+ 43. g4 Qe8 44. Qh6 Bf7 45. Nd5 Qe6 46. Qg7 Be8 47. Kf3 Qd7 48. Qf8 Qe6 49. Kg3 Qf7 50. Qh8 b5 51. Nce3 c6 52. Nf5 Kd7 53. Nde3 a5 54. c4 b4 55. a4 Be7 56. Nf1 Bf8 57. Nd2 Kc7 58. Nb3 Kb6 59. f3 Bd7 60. g5 Bc8 61. Qxf6 Qxf6 62. gxf6 Ba6 63. Kg4 Bb5 64. cxb5 cxb5 65. axb5 a4 66. Nd2 b3 67. Ne3 Kxb5 68. Nec4 Kb4 69. Nb1 b2 70. Nxb2 Kb3 71. Nc4 Kc2 72. Nba3+ Kxd3 73. Nxe5+ 1-0

[Event "24th European Women Club Cup 2019"]
[Site "Ulcinj"]
[Date "2019.11.12"]
[Round "3.13"]
[White "Bodnaruk, Anastasia"]
[Black "Salimova, Nurgyul"]
[Result "1/2-1/2"]
[ECO "C79"]
[WhiteElo "2412"]
[BlackElo "2370"]
[Annotator "ChessBase"]
[PlyCount "103"]
[EventDate "2019.11.10"]
[EventType "team-tourn"]
[EventCountry "MNE"]
[SourceTitle "playchess.com"]
[Source "ChessBase"]
[SourceQuality "1"]
[WhiteTeam "SPB"]
[BlackTeam "Asseco SEE"]
[TimeControl "40/5400+30:1800+30"]

1. e4 e5 2. Nf3 Nc6 3. Bb5 a6 4. Ba4 d6 5. O-O Nf6 6. c3 Nxe4 7. d4 b5 8. Bb3 d5 9. dxe5 Be6 10. Nd4 Qd7 11. a4 Rb8 12. axb5 axb5 13. Bc2 Be7 14. Qe2 Nc5 15. Nd2 Nxd4 16. cxd4 Na4 17. Nb3 O-O 18. Be3 Rfc8 19. f4 Bg4 20. Qd2 Bf5 21. Nc5 Nxc5 22. dxc5 c6 23. b4 Ra8 24. Bd4 h5 25. Bd3 h4 26. Qc2 Bxd3 27. Qxd3 Qg4 28. h3 Qg3 29. Qxg3 hxg3 30. Rfb1 Kh7 31. Kf1 Kg6 32. Ke2 Kf5 33. Kf3 Rcb8 34. Bc3 g6 35. Re1 Ke6 36. Kxg3 Ra4 37. Rxa4 bxa4 38. Ra1 d4 39. Bd2 Ra8 40. Ra3 Kd5 41. Kf3 f6 42. e6 f5 43. Ke2 Kc4 44. Kd1 Kd5 45. Kc2 Kxe6 46. Kd3 Kd5 47. Bc1 Bh4 48. Ra2 Bf6 49. g3 Rh8 50. h4 Re8 51. Bd2 Ra8 52. Bc1 {[%emt 0:00:23] Ke5 Ke4+} 1/2-1/2

[Event "24th European Women Club Cup 2019"]
[Site "Ulcinj"]
[Date "2019.11.12"]
[Round "3.14"]
[White "Krasteva, Beloslava"]
[Black "Ovod, Evgenija"]
[Result "1/2-1/2"]
[ECO "D35"]
[WhiteElo "2261"]
[BlackElo "2347"]
[Annotator "ChessBase"]
[PlyCount "103"]
[EventDate "2019.11.10"]
[EventType "team-tourn"]
[EventCountry "MNE"]
[SourceTitle "playchess.com"]
[Source "ChessBase"]
[SourceQuality "1"]
[WhiteTeam "Asseco SEE"]
[BlackTeam "SPB"]
[TimeControl "40/5400+30:1800+30"]

1. d4 Nf6 2. c4 e6 3. Nc3 d5 4. cxd5 Nxd5 5. e4 Nxc3 6. bxc3 c5 7. Rb1 Be7 8. Nf3 O-O 9. Be2 cxd4 10. cxd4 b6 11. O-O Bb7 12. Qd3 Ba6 13. Qe3 Bxe2 14. Qxe2 Qc8 15. Bf4 Qa6 16. Qd2 Nd7 17. Rfe1 Rac8 18. d5 exd5 19. exd5 Bf6 20. Nd4 Rc4 21. Nb5 Qa4 22. Bd6 Rfc8 23. Qd3 g6 24. Qb3 h5 25. h3 Qa5 26. Re8+ Rxe8 27. Qxc4 Re1+ 28. Rxe1 Qxe1+ 29. Kh2 Kg7 30. Nxa7 Qxf2 31. Nc6 Qf5 32. Bg3 h4 33. Bxh4 Bxh4 34. Qxh4 Qxd5 35. Qd4+ Qxd4 36. Nxd4 Kf6 37. Kg3 Ke5 38. Nf3+ Kf5 39. Kf2 g5 40. Ke3 g4 41. hxg4+ Kxg4 42. Kf2 Kf4 43. g3+ Kg4 44. Nh2+ Kf5 45. Nf3 f6 46. Ke3 Kg4 47. Nd2 Kxg3 48. Ke4 Kf2 49. Kf5 Ke3 50. Nc4+ Kd4 51. Nxb6 Nxb6 52. Kxf6 1/2-1/2

[Event "24th European Women Club Cup 2019"]
[Site "Ulcinj"]
[Date "2019.11.12"]
[Round "3.15"]
[White "Belenkaya, Dina"]
[Black "Djukic, Sandra"]
[Result "0-1"]
[ECO "B15"]
[WhiteElo "2302"]
[BlackElo "2148"]
[Annotator "NA"]
[PlyCount "99"]
[EventDate "2019.11.10"]
[EventType "team-tourn"]
[EventCountry "MNE"]
[SourceTitle "playchess.com"]
[Source "ChessBase"]
[SourceQuality "1"]
[WhiteTeam "SPB"]
[BlackTeam "Asseco SEE"]
[TimeControl "40/5400+30:1800+30"]

1. e4 c6 2. d4 d5 3. Nc3 dxe4 4. Nxe4 Nf6 5. Nxf6+ exf6 6. Bc4 Bd6 7. Nf3 O-O 8. O-O Bg4 9. h3 Bh5 10. Be3 Nd7 11. a4 f5 12. a5 Qf6 13. Be2 f4 14. Bc1 Rfe8 15. a6 b6 16. d5 c5 17. Bb5 Ne5 18. Bxe8 Rxe8 19. Ra3 Nxf3+ 20. Rxf3 Bxf3 21. Qxf3 Qf5 22. c3 Qe4 23. Bd2 Qxf3 24. gxf3 c4 25. Rd1 g5 26. Kf1 Kg7 27. b3 cxb3 28. Rb1 Rc8 29. Rxb3 Rc5 30. Ke2 Rxd5 31. c4 Re5+ 32. Kd3 Kg6 33. Bc3 Re8 34. Bd4 Be5 35. Rb5 Bxd4 36. Kxd4 Re2 37. c5 bxc5+ 38. Rxc5 Rxf2 39. Rc7 Rxf3 40. Rxa7 Ra3 41. Ra8 f3 42. Rg8+ Kf5 43. Rb8 Kf4 44. Rb4 f2 45. Kc5+ Ke3 46. a7 Rxa7 47. Rb3+ Ke2 48. Rb2+ Kf3 49. Rb1 Kg2 50. Kd4 0-1

[Event "24th European Women Club Cup 2019"]
[Site "Ulcinj"]
[Date "2019.11.12"]
[Round "3.16"]
[White "Bukhteeva, Viktoria"]
[Black "Styazhkina, Anna"]
[Result "0-1"]
[ECO "D15"]
[WhiteElo "2110"]
[BlackElo "2280"]
[Annotator "NA"]
[PlyCount "104"]
[EventDate "2019.11.10"]
[EventType "team-tourn"]
[EventCountry "MNE"]
[SourceTitle "playchess.com"]
[Source "ChessBase"]
[SourceQuality "1"]
[WhiteTeam "Asseco SEE"]
[BlackTeam "SPB"]
[TimeControl "40/5400+30:1800+30"]

1. d4 d5 2. c4 c6 3. Nf3 Nf6 4. Nc3 a6 5. c5 Bf5 6. Bf4 Nbd7 7. e3 e6 8. Be2 Ne4 9. Qb3 Ra7 10. h3 Be7 11. Rc1 g5 12. Bh2 h5 13. Nd2 Nxd2 14. Kxd2 e5 15. g4 Be6 16. Qc2 Bf6 17. Qd3 h4 18. b4 Bg7 19. Rhf1 exd4 20. exd4 Qf6 21. f4 gxf4 22. Bxf4 Qxd4 23. Qxd4 Bxd4 24. Bd3 a5 25. Ne2 Bb2 26. b5 Ba3 27. bxc6 bxc6 28. Bd6 Rb7 29. Rc2 Rb4 30. Nf4 Kd8 31. Nh5 Rg8 32. Rf4 d4 33. Re4 Ra4 34. Nf4 Bb4+ 35. Ke2 Bxa2 36. Be7+ Kc7 37. Bd6+ Kd8 38. Be7+ Kc8 39. Ba6+ Kb8 40. Rxd4 Ka7 41. Rxd7+ Kxa6 42. Rc7 Re8 43. Kf2 Bb3 44. Rxc6+ Kb7 45. Rb6+ Kc8 46. Bd6 Be1+ 47. Kg2 Rb4 48. Rc6+ Kd8 49. Rb2 Bd5+ 50. Nxd5 Rxb2+ 51. Kf1 Bg3 52. Bc7+ Kd7 0-1

[Event "24th European Women Club Cup 2019"]
[Site "Ulcinj"]
[Date "2019.11.12"]
[Round "3.17"]
[White "Ushenina, Anna"]
[Black "Dzagnidze, Nana"]
[Result "0-1"]
[ECO "B28"]
[WhiteElo "2439"]
[BlackElo "2502"]
[Annotator "ChessBase"]
[PlyCount "120"]
[EventDate "2019.11.10"]
[EventType "team-tourn"]
[EventCountry "MNE"]
[SourceTitle "playchess.com"]
[Source "ChessBase"]
[SourceQuality "1"]
[WhiteTeam "Ugra"]
[BlackTeam "Nona"]
[TimeControl "40/5400+30:1800+30"]

1. e4 c5 2. Nf3 a6 3. g3 Nc6 4. Bg2 d6 5. O-O g6 6. d4 cxd4 7. Nxd4 Bd7 8. h3 Bg7 9. Ne2 Nf6 10. Nbc3 b5 11. Be3 O-O 12. Kh2 Ne5 13. b3 Rb8 14. a3 Bc6 15. Qd2 Ba8 16. Rfd1 Ned7 17. Rac1 Rc8 18. Nd5 Nc5 19. f3 Re8 20. Bd4 Nh5 21. Bxg7 Nxg7 22. h4 Rf8 23. Qe3 e6 24. Ndc3 Qc7 25. Rd2 Nd7 26. Qd4 Ne8 27. a4 Rb8 28. axb5 axb5 29. Qb4 Qb6 30. Ra1 Ne5 31. Nd4 Nc7 32. Qa5 Qc5 33. Nce2 Bxe4 34. b4 Qc4 35. fxe4 Ra8 36. Qb6 Rxa1 37. Qxd6 Ng4+ 38. Kh3 Nf2+ 39. Kh2 Ng4+ 40. Kh3 e5 41. Kxg4 exd4 42. Nxd4 Ra6 43. Qc5 Qxc5 44. bxc5 Rd8 45. c3 Rc6 46. Nxc6 Rxd2 47. Bf1 Rc2 48. Ne7+ Kf8 49. Nd5 Nxd5 50. exd5 Rxc3 51. Bxb5 Rxc5 52. Bc6 Ke7 53. h5 Rc4+ 54. Kg5 f6+ 55. Kh6 Rg4 56. Kxh7 gxh5 57. Kh6 Rg5 58. Bb7 Kd6 59. Bc6 Rxg3 60. Kxh5 f5 0-1

[Event "24th European Women Club Cup 2019"]
[Site "Ulcinj"]
[Date "2019.11.12"]
[Round "3.18"]
[White "Javakhishvili, Lela"]
[Black "Pogonina, Natalija"]
[Result "1-0"]
[ECO "D35"]
[WhiteElo "2457"]
[BlackElo "2479"]
[Annotator "ChessBase"]
[PlyCount "93"]
[EventDate "2019.11.10"]
[EventType "team-tourn"]
[EventCountry "MNE"]
[SourceTitle "playchess.com"]
[Source "ChessBase"]
[SourceQuality "1"]
[WhiteTeam "Nona"]
[BlackTeam "Ugra"]
[TimeControl "40/5400+30:1800+30"]

1. d4 d5 2. c4 e6 3. Nc3 Nf6 4. cxd5 exd5 5. Bg5 c6 6. e3 Be7 7. Bd3 Nbd7 8. Qc2 O-O 9. Nf3 Re8 10. O-O Nf8 11. h3 Be6 12. Ne5 N6d7 13. Bxe7 Qxe7 14. f4 f6 15. Nf3 Nb6 16. Rae1 Rad8 17. Kh1 Nc8 18. g4 Nd6 19. Rg1 b5 20. Ne2 Rc8 21. Ng3 Ne4 22. Nxe4 dxe4 23. Bxe4 c5 24. Qb1 Bf7 25. Bf5 Rcd8 26. Kh2 Qc7 27. Rg3 cxd4 28. Nxd4 Qa5 29. b4 Qb6 30. g5 fxg5 31. Rxg5 g6 32. Be4 Rxd4 33. exd4 Qxd4 34. Re5 Qf2+ 35. Kh1 Rd8 36. Bg2 Rd4 37. R5e2 Qh4 38. Rd1 Rxf4 39. Re4 Ne6 40. Qd3 Rxe4 41. Bxe4 Kg7 42. Rf1 Ng5 43. Qc3+ Kh6 44. Qe3 Be6 45. Bg2 Qxb4 46. Rf4 Qb1+ 47. Kh2 1-0

[Event "24th European Women Club Cup 2019"]
[Site "Ulcinj"]
[Date "2019.11.12"]
[Round "3.19"]
[White "Girya, Olga"]
[Black "Batsiashvili, Nino"]
[Result "1-0"]
[ECO "A40"]
[WhiteElo "2476"]
[BlackElo "2422"]
[Annotator "ChessBase"]
[PlyCount "97"]
[EventDate "2019.11.10"]
[EventType "team-tourn"]
[EventCountry "MNE"]
[SourceTitle "playchess.com"]
[Source "ChessBase"]
[SourceQuality "1"]
[WhiteTeam "Ugra"]
[BlackTeam "Nona"]
[TimeControl "40/5400+30:1800+30"]

1. d4 e6 2. c4 b6 3. a3 Bb7 4. d5 Nf6 5. Nc3 Bd6 6. Nf3 O-O 7. e4 exd5 8. exd5 c6 9. Be2 Na6 10. Bg5 Re8 11. O-O h6 12. Bh4 Nc7 13. Qd2 cxd5 14. cxd5 Bf8 15. Bc4 d6 16. Rfe1 Be7 17. Rad1 Nh5 18. Bxe7 Rxe7 19. Nd4 Rxe1+ 20. Rxe1 Qd7 21. Nc6 Bxc6 22. dxc6 Qxc6 23. Bd5 Nxd5 24. Nxd5 Qc4 25. h3 Rd8 26. Re7 Qh4 27. Rxa7 Nf6 28. Ne7+ Kh8 29. Nf5 Qh5 30. Ng3 Qg6 31. Rb7 Nd7 32. Qc3 Qe6 33. Qc7 Qe8 34. Kh2 d5 35. f4 Nf6 36. Rxb6 d4 37. Rd6 Rxd6 38. Qxd6 Qd7 39. Qxd7 Nxd7 40. Kg1 Nc5 41. b4 Na4 42. Nf5 d3 43. Kf2 Nb2 44. Ke3 g5 45. fxg5 hxg5 46. Nd6 Kg7 47. b5 f5 48. b6 f4+ 49. Ke4 1-0

[Event "24th European Women Club Cup 2019"]
[Site "Ulcinj"]
[Date "2019.11.12"]
[Round "3.20"]
[White "Melia, Salome"]
[Black "Kovanova, Baira"]
[Result "1/2-1/2"]
[ECO "C55"]
[WhiteElo "2380"]
[BlackElo "2344"]
[Annotator "NA"]
[PlyCount "61"]
[EventDate "2019.11.10"]
[EventType "team-tourn"]
[EventCountry "MNE"]
[SourceTitle "playchess.com"]
[Source "ChessBase"]
[SourceQuality "1"]
[WhiteTeam "Nona"]
[BlackTeam "Ugra"]
[TimeControl "40/5400+30:1800+30"]

1. e4 e5 2. Nf3 Nc6 3. Bc4 Nf6 4. d3 Be7 5. O-O O-O 6. Re1 d6 7. a4 Be6 8. Nbd2 h6 9. a5 a6 10. Nf1 Qd7 11. Ng3 Rfe8 12. Bxe6 Qxe6 13. c4 Bf8 14. Bd2 Qd7 15. b4 g6 16. Qc1 Kh7 17. Bc3 Bg7 18. Qb2 Qe7 19. h3 Nd7 20. Rad1 Qe6 21. Nf1 f5 22. Ne3 Qf7 23. exf5 gxf5 24. Nh4 Ne7 25. Qe2 Rf8 26. Rf1 Qf6 27. g3 Qg5 28. Kh2 Ng6 29. Nxg6 Qxg6 30. Nd5 c6 31. Nb6 1/2-1/2

[Event "24th European Women Club Cup 2019"]
[Site "Ulcinj"]
[Date "2019.11.12"]
[Round "3.21"]
[White "Gunina, Valentina"]
[Black "Rapport, Jovana"]
[Result "1-0"]
[ECO "A40"]
[WhiteElo "2509"]
[BlackElo "2379"]
[Annotator "ChessBase"]
[PlyCount "95"]
[EventDate "2019.11.10"]
[EventType "team-tourn"]
[EventCountry "MNE"]
[SourceTitle "playchess.com"]
[Source "ChessBase"]
[SourceQuality "1"]
[WhiteTeam "Maribor"]
[BlackTeam "MNE Woman Chess"]
[TimeControl "40/5400+30:1800+30"]

1. d4 e6 2. c4 b6 3. e4 Bb4+ 4. Nc3 Bb7 5. Bd3 f5 6. d5 fxe4 7. Bxe4 Nf6 8. Bg5 exd5 9. Bxd5 Qe7+ 10. Nge2 Bxc3+ 11. bxc3 Nc6 12. O-O O-O-O 13. Ng3 Rde8 14. Qd2 d6 15. Rae1 Qf8 16. Rxe8+ Nxe8 17. Nh5 Kb8 18. Nf4 Qf5 19. Ne6 h6 20. Bh4 Qg4 21. Bg3 Nf6 22. Nxc7 Kxc7 23. Bxc6 Rd8 24. Bxb7 Kxb7 25. c5 bxc5 26. Rb1+ Kc7 27. c4 Qe4 28. Qa5+ Kd7 29. Re1 Qb7 30. Bxd6 Qb6 31. Re7+ Kxd6 32. Qe1 Qb1 33. Qxb1 Kxe7 34. h3 Rd7 35. Qb8 Kf7 36. Qc8 Rd1+ 37. Kh2 Nd7 38. Qb7 Rd2 39. Qxa7 Ke7 40. Qa3 Rc2 41. Qb3 Re2 42. a4 Kd8 43. a5 Rxf2 44. a6 Rf6 45. a7 Nb6 46. Qxb6+ Rxb6 47. a8=Q+ Kc7 48. Qa7+ 1-0

[Event "24th European Women Club Cup 2019"]
[Site "Ulcinj"]
[Date "2019.11.12"]
[Round "3.22"]
[White "Milovic, Aleksandra"]
[Black "Caglar, Sila"]
[Result "1-0"]
[ECO "A01"]
[WhiteElo "2183"]
[BlackElo "2242"]
[Annotator "NA"]
[PlyCount "49"]
[EventDate "2019.11.10"]
[EventType "team-tourn"]
[EventCountry "MNE"]
[SourceTitle "playchess.com"]
[Source "ChessBase"]
[SourceQuality "1"]
[WhiteTeam "MNE Woman Chess"]
[BlackTeam "Maribor"]
[TimeControl "40/5400+30:1800+30"]

1. b3 d5 2. Bb2 c5 3. e3 Nf6 4. Ne2 Nc6 5. g3 e5 6. Bg2 Be7 7. O-O O-O 8. f4 e4 9. h3 h5 10. f5 g6 11. fxg6 fxg6 12. Nf4 Qe8 13. Nc3 Bf5 14. Ncxd5 Nxd5 15. Nxd5 Bd6 16. g4 hxg4 17. hxg4 Be5 18. Bxe5 Qxe5 19. gxf5 Qxd5 20. Qg4 Qxd2 21. Qxg6+ Kh8 22. Qh6+ Kg8 23. Qg5+ Kh8 24. Rad1 Qxg2+ 25. Kxg2 1-0

[Event "24th European Women Club Cup 2019"]
[Site "Ulcinj"]
[Date "2019.11.12"]
[Round "3.23"]
[White "Vidic, Teja"]
[Black "Koljevic, Nikolina"]
[Result "1-0"]
[ECO "A05"]
[WhiteElo "2189"]
[BlackElo "1902"]
[Annotator "NA"]
[PlyCount "35"]
[EventDate "2019.11.10"]
[EventType "team-tourn"]
[EventCountry "MNE"]
[SourceTitle "playchess.com"]
[Source "ChessBase"]
[SourceQuality "1"]
[WhiteTeam "Maribor"]
[BlackTeam "MNE Woman Chess"]
[TimeControl "40/5400+30:1800+30"]

1. Nf3 Nf6 2. c4 e6 3. b3 b6 4. g3 Bb7 5. Bg2 Be7 6. O-O O-O 7. Bb2 d6 8. Nc3 Nbd7 9. d4 Re8 10. Re1 Bf8 11. e4 e5 12. Nd5 exd4 13. Nxd4 a6 14. Qf3 c5 15. Nf5 Ne5 16. Nh6+ gxh6 17. Nxf6+ Kh8 18. Qf5 1-0

[Event "24th European Women Club Cup 2019"]
[Site "Ulcinj"]
[Date "2019.11.12"]
[Round "3.24"]
[White "Rakic, Tijana"]
[Black "Mihevc-Mohr, Narcisa"]
[Result "0-1"]
[ECO "B33"]
[WhiteElo "1680"]
[BlackElo "1982"]
[Annotator "NA"]
[PlyCount "38"]
[EventDate "2019.11.10"]
[EventType "team-tourn"]
[EventCountry "MNE"]
[SourceTitle "playchess.com"]
[Source "ChessBase"]
[SourceQuality "1"]
[WhiteTeam "MNE Woman Chess"]
[BlackTeam "Maribor"]
[TimeControl "40/5400+30:1800+30"]

1. e4 c5 2. Nf3 Nc6 3. d4 cxd4 4. Nxd4 Nf6 5. Nc3 e6 6. Nxc6 bxc6 7. e5 Nd5 8. Ne4 Qa5+ 9. c3 f5 10. exf6 Nxf6 11. Nd6+ Bxd6 12. Qxd6 Qd5 13. Qg3 O-O 14. c4 Qe4+ 15. Be2 Ba6 16. f3 Qc2 17. Bh6 Rf7 18. b3 Qc3+ 19. Kf2 Ne4+ 0-1

[Event "24th European Women Club Cup 2019"]
[Site "Ulcinj"]
[Date "2019.11.12"]
[Round "3.25"]
[White "Lahav, Michal"]
[Black "Len, Irina"]
[Result "1-0"]
[ECO "B01"]
[WhiteElo "2221"]
[BlackElo "2036"]
[Annotator "NA"]
[PlyCount "78"]
[EventDate "2019.11.10"]
[EventType "team-tourn"]
[EventCountry "MNE"]
[SourceTitle "playchess.com"]
[Source "ChessBase"]
[SourceQuality "1"]
[WhiteTeam "Rishon Lezion"]
[BlackTeam "Hertzeliya"]
[TimeControl "40/5400+30:1800+30"]

1. e4 d5 2. exd5 Qxd5 3. Nc3 Qd6 4. d4 Nf6 5. Nf3 a6 6. Bd3 Nc6 7. Ne4 Nxe4 8. Bxe4 Bg4 9. O-O O-O-O 10. h3 Bh5 11. Be3 e6 12. Bxc6 Qxc6 13. Ne5 Bxd1 14. Nxc6 bxc6 15. Raxd1 Bd6 16. Rd3 Kd7 17. Rfd1 Rb8 18. Bc1 Rhd8 19. Kf1 Ke8 20. Re1 Kf8 21. Re4 c5 22. d5 exd5 23. Rxd5 Re8 24. Ra4 Rb4 25. Rxa6 Rbe4 26. Rd1 Re2 27. Bd2 f5 28. Ra4 g5 29. Rc4 f4 30. Be3 Rxc2 31. Rxc2 fxe3 32. fxe3 Rxe3 33. Re2 Re7 34. Rxe7 Kxe7 35. Ke2 Kd7 36. Kf3 Kc6 37. Ke4 h5 38. Kf5 Be7 39. Re1 Kd5 {Ke4+} 1-0

[Event "24th European Women Club Cup 2019"]
[Site "Ulcinj"]
[Date "2019.11.12"]
[Round "3.26"]
[White "Haitovich, Avital"]
[Black "Reprun, Nadejda"]
[Result "1/2-1/2"]
[ECO "B13"]
[WhiteElo "1998"]
[BlackElo "1989"]
[Annotator "NA"]
[PlyCount "40"]
[EventDate "2019.11.10"]
[EventType "team-tourn"]
[EventCountry "MNE"]
[SourceTitle "playchess.com"]
[Source "ChessBase"]
[SourceQuality "1"]
[WhiteTeam "Hertzeliya"]
[BlackTeam "Rishon Lezion"]
[TimeControl "40/5400+30:1800+30"]

1. e4 c6 2. d4 d5 3. exd5 cxd5 4. Bd3 Nc6 5. c3 Nf6 6. Bf4 Bg4 7. Qb3 e5 8. Bxe5 Qe7 9. Ne2 Bxe2 10. Bxe2 Nxe5 11. dxe5 Qxe5 12. Nd2 O-O-O 13. Nf3 Qe4 14. Rd1 Bc5 15. Rd2 Qb1+ 16. Rd1 Qe4 17. Rd2 Qb1+ 18. Rd1 Qe4 19. Rd2 Qb1+ 20. Rd1 Qe4 1/2-1/2